| TOP OF THE 1ST |
|
West Virginia Power batting - Pitching for Great Lakes Loons : RHP Servaas Morrow
|
|
Pitching: RHP Servaas Morrow
|
|
|
Batting: RHB Jesus Marquez
|
0-0: Foul Ball, location: 2F 0-1: Called Strike 0-2: Strikes out swinging
|
|
Batting: RHB Pleun Smit
|
0-0: Ball 1-0: Swinging Strike 1-1: Ball 2-1: Foul Ball, location: 2F 2-2: Foul Ball, location: 2F 2-2: Strikes out swinging
|
|
Batting: SHB Francisco Gutierrez
|
0-0: Ball 1-0: Fly out, F8 (Flyball, 89XD, EV 95.0 MPH)
|
| Top of the 1st over - 0 runs, 0 hits, 0 errors, 0 left on base; West Virginia 0 - Great Lakes 0 |
| BOTTOM OF THE 1ST |
|
Great Lakes Loons batting - Pitching for West Virginia Power : RHP Josh Markham
|
|
Pitching: RHP Josh Markham
|
|
|
Batting: RHB Alex Mejia
|
0-0: Ball 1-0: Foul Ball, location: 2F 1-1: Foul Ball, location: 2F 1-2: Foul Ball, location: 2F 1-2: SINGLE (Groundball, 5D, EV 100.6 MPH)
|
|
Batting: LHB Chris Barrera
|
0-0: Ball Alex Mejia is caught stealing 2nd base 2-6 1-0: Called Strike 1-1: SINGLE (Flyball, 7LS, EV 94.4 MPH)
|
|
Batting: RHB Mike Sims
|
0-0: Ball 1-0: Ball 2-0: Ball 3-0: Base on Balls Chris Barrera to second
|
|
Batting: LHB Jim Chalk
|
0-0: Called Strike 0-1: Foul Ball, location: 2F 0-2: Strikes out swinging
|
|
Batting: LHB Alberto Chavez
|
0-0: Ball 1-0: Ball 2-0: Foul Ball, location: 2F 2-1: SINGLE (Groundball, 6D, EV 103.1 MPH) Chris Barrera to third Mike Sims to second Runner from 3rd tries for Home, throw by CF and OUT! 8-2
|
| Bottom of the 1st over - 0 runs, 3 hits, 0 errors, 2 left on base; West Virginia 0 - Great Lakes 0 |
| TOP OF THE 2ND |
|
West Virginia Power batting - Pitching for Great Lakes Loons : RHP Servaas Morrow
|
|
Batting: RHB Tom Primmer
|
0-0: Ball 1-0: Ball 2-0: Reached on error, E3 (Popup, 3S, EV 63.8 MPH)
|
|
Batting: RHB Jordan Robinson
|
0-0: Swinging Strike 0-1: Foul Ball, location: 2F 0-2: Ball 1-2: Strikes out swinging
|
|
Batting: RHB Dennis Coppolino
|
0-0: Ball 1-0: Ball 2-0: Swinging Strike 2-1: Foul Ball, location: 2F 2-2: Strikes out looking
|
|
Batting: RHB Alfredo Medrano
|
0-0: Ball 1-0: Ball Tom Primmer steals 2nd base 2-0: Called Strike 2-1: Foul Ball, location: 2F 2-2: Ground out 6-3 (Groundball, 6, EV 87.5 MPH)
|
| Top of the 2nd over - 0 runs, 0 hits, 1 error, 1 left on base; West Virginia 0 - Great Lakes 0 |
| BOTTOM OF THE 2ND |
|
Great Lakes Loons batting - Pitching for West Virginia Power : RHP Josh Markham
|
|
Batting: RHB Ashton Crenshaw
|
0-0: Foul Ball, location: 2F 0-1: Ball 1-1: SINGLE (Groundball, 6MD, EV 95.0 MPH)
|
|
Batting: RHB Phil Knox
|
0-0: Fly out, F6 (Popup, P, EV 83.8 MPH)
|
|
Batting: RHB Josh Kimbrell
|
0-0: Ball 1-0: Foul Ball, location: 2F 1-1: Ball 2-1: Grounds into double play, 6-4-3 (Groundball, 6, EV 87.5 MPH)
|
| Bottom of the 2nd over - 0 runs, 1 hit, 0 errors, 0 left on base; West Virginia 0 - Great Lakes 0 |
| TOP OF THE 3RD |
|
West Virginia Power batting - Pitching for Great Lakes Loons : RHP Servaas Morrow
|
|
Batting: LHB Alan Pumphrey
|
0-0: Fly out, F3 (Line Drive, 3, EV 67.5 MPH)
|
|
Batting: RHB John Beiswenger
|
0-0: Ball 1-0: Ball 2-0: Foul Ball, location: 2F 2-1: Called Strike 2-2: Fly out, F1 (Line Drive, P, EV 71.9 MPH)
|
|
Batting: RHB Jesus Marquez
|
0-0: Ball 1-0: Ball 2-0: Fly out, F8 (Flyball, 8RD, EV 91.9 MPH)
|
| Top of the 3rd over - 0 runs, 0 hits, 0 errors, 0 left on base; West Virginia 0 - Great Lakes 0 |
| BOTTOM OF THE 3RD |
|
Great Lakes Loons batting - Pitching for West Virginia Power : RHP Josh Markham
|
|
Batting: RHB Santos Guadalupe
|
0-0: Ball 1-0: Ball 2-0: Foul Ball, location: 2F 2-1: Ground out 4-3 (Groundball, 4S, EV 90.0 MPH)
|
|
Batting: RHB Alex Mejia
|
0-0: Foul Ball, location: 2F 0-1: Ball 1-1: Foul Ball, location: 2F 1-2: Ball 2-2: Ground out 5-3 (Groundball, 56, EV 93.1 MPH)
|
|
Batting: LHB Chris Barrera
|
0-0: Foul Ball, location: 2F 0-1: Ball 1-1: Fly out, F8 (Flyball, 78D, EV 100.6 MPH)
|
| Bottom of the 3rd over - 0 runs, 0 hits, 0 errors, 0 left on base; West Virginia 0 - Great Lakes 0 |
| TOP OF THE 4TH |
|
West Virginia Power batting - Pitching for Great Lakes Loons : RHP Servaas Morrow
|
|
Batting: RHB Pleun Smit
|
0-0: Called Strike 0-1: Ground out 6-3 (Groundball, 6, EV 91.2 MPH)
|
|
Batting: SHB Francisco Gutierrez
|
0-0: Ball 1-0: Ball 2-0: Ball 3-0: Called Strike 3-1: Base on Balls
|
|
Batting: RHB Tom Primmer
|
0-0: Ball Francisco Gutierrez steals 2nd base 1-0: Ball 2-0: Called Strike 2-1: Ball 3-1: Called Strike 3-2: Fly out, F8 (Flyball, 78M, EV 91.9 MPH)
|
|
Batting: RHB Jordan Robinson
|
0-0: Ball 1-0: Called Strike 1-1: Foul Ball, location: 2F 1-2: Ball 2-2: Foul Ball, location: 2F 2-2: Fly out, F9 (Flyball, 9LS, EV 77.5 MPH)
|
| Top of the 4th over - 0 runs, 0 hits, 0 errors, 1 left on base; West Virginia 0 - Great Lakes 0 |
| BOTTOM OF THE 4TH |
|
Great Lakes Loons batting - Pitching for West Virginia Power : RHP Josh Markham
|
|
Batting: RHB Mike Sims
|
0-0: Fly out, F9 (Line Drive, 9S, EV 90.6 MPH)
|
|
Batting: LHB Jim Chalk
|
0-0: Ball 1-0: Swinging Strike 1-1: Fly out, F5 (Popup, 56, EV 60.6 MPH)
|
|
Batting: LHB Alberto Chavez
|
0-0: Called Strike 0-1: Foul Ball, location: 2F 0-2: SINGLE (Groundball, 4MD, EV 101.2 MPH)
|
|
Batting: RHB Ashton Crenshaw
|
0-0: Ball 1-0: Called Strike 1-1: 2-RUN HOME RUN (Flyball, 7LD, EV 93.1 MPH), Distance : 345 ft
|
|
Batting: RHB Phil Knox
|
0-0: Ball 1-0: Foul Ball, location: 2F 1-1: Fly out, F9 (Line Drive, 9, EV 103.1 MPH)
|
| Bottom of the 4th over - 2 runs, 2 hits, 0 errors, 0 left on base; West Virginia 0 - Great Lakes 2 |
| TOP OF THE 5TH |
|
West Virginia Power batting - Pitching for Great Lakes Loons : RHP Servaas Morrow
|
|
Batting: RHB Dennis Coppolino
|
0-0: Called Strike 0-1: Ball 1-1: Foul Ball, location: 2F 1-2: Foul Ball, location: 2F 1-2: Ground out 5-3 (Groundball, 56, EV 80.0 MPH)
|
|
Batting: RHB Alfredo Medrano
|
0-0: Called Strike 0-1: Ball 1-1: Ball 2-1: Ball 3-1: Called Strike 3-2: Foul Ball, location: 2F 3-2: Base on Balls
|
|
Batting: LHB Alan Pumphrey
|
0-0: Ball 1-0: Called Strike 1-1: Ground out 4-3 (Groundball, 34S, EV 68.1 MPH) Alfredo Medrano to second
|
|
Batting: RHB John Beiswenger
|
0-0: Ball 1-0: Ball 2-0: Called Strike 2-1: Ball 3-1: Base on Balls
|
|
Batting: RHB Jesus Marquez
|
0-0: Called Strike 0-1: Ball 1-1: Called Strike 1-2: Foul Ball, location: 2F 1-2: Ball 2-2: Fielders Choice at 2nd, 6-4 (Groundball, 6, EV 108.8 MPH)
|
| Top of the 5th over - 0 runs, 0 hits, 0 errors, 2 left on base; West Virginia 0 - Great Lakes 2 |
| BOTTOM OF THE 5TH |
|
Great Lakes Loons batting - Pitching for West Virginia Power : RHP Josh Markham
|
|
Batting: RHB Josh Kimbrell
|
0-0: Ball 1-0: Ball 2-0: Ball 3-0: Base on Balls
|
|
Batting: RHB Santos Guadalupe
|
0-0: Ball Wild Pitch! Josh Kimbrell to second 1-0: Ball 2-0: Ball 3-0: Called Strike 3-1: Swinging Strike 3-2: Ground out 5-3 (Groundball, 56, EV 80.6 MPH)
|
|
Batting: RHB Alex Mejia
|
0-0: Called Strike 0-1: Called Strike 0-2: Ball Balk! Josh Kimbrell to third 1-2: Ball 2-2: Ball 3-2: Strikes out swinging
|
|
Batting: LHB Chris Barrera
|
Balk! Josh Kimbrell scores 0-0: Ball 1-0: Called Strike 1-1: Swinging Strike 1-2: Ball 2-2: SINGLE (Line Drive, 7S, EV 95.6 MPH)
|
|
Batting: RHB Mike Sims
|
0-0: SINGLE (Groundball, 6MS, EV 71.9 MPH) (infield hit) Chris Barrera to second
|
|
Batting: LHB Jim Chalk
|
0-0: Ball 1-0: Ball 2-0: Swinging Strike 2-1: SINGLE (Line Drive, 8LS, EV 100.0 MPH) Chris Barrera to third Mike Sims to second Runner from 3rd tries for Home, SAFE, throw by CF to home
|
|
Batting: LHB Alberto Chavez
|
0-0: 3-RUN HOME RUN (Flyball, 8LXD, EV 113.1 MPH), Distance : 425 ft
|
|
Pitching: RHP Travis Luckett
|
|
|
Batting: RHB Ashton Crenshaw
|
0-0: SINGLE (Flyball, 89S, EV 95.0 MPH)
|
|
Batting: RHB Phil Knox
|
0-0: Reached on error, E6 (Popup, P, EV 73.1 MPH) Ashton Crenshaw to second
|
|
Batting: RHB Josh Kimbrell
|
0-0: Ground out 4-3 (Groundball, 4, EV 89.4 MPH)
|
| Bottom of the 5th over - 5 runs, 5 hits, 1 error, 2 left on base; West Virginia 0 - Great Lakes 7 |
| TOP OF THE 6TH |
|
West Virginia Power batting - Pitching for Great Lakes Loons : RHP Servaas Morrow
|
|
Pitching: RHP Yuichi Nozawa
|
|
|
Batting: RHB Pleun Smit
|
0-0: Ball 1-0: Ball 2-0: Called Strike 2-1: Foul Ball, location: 2F 2-2: Ground out 2-3 (Groundball, 15S, EV 75.0 MPH)
|
|
Batting: SHB Francisco Gutierrez
|
0-0: Ball 1-0: Foul Ball, location: 2F 1-1: Called Strike 1-2: Fly out, F4 (Popup, 23, EV 82.5 MPH)
|
|
Batting: RHB Tom Primmer
|
0-0: Ball 1-0: DOUBLE (Line Drive, 9LD, EV 97.5 MPH)
|
|
Pitching: RHP Bobby Primaticcio
|
|
|
Batting: RHB Jordan Robinson
|
0-0: Ball 1-0: Ground out 6-3 (Groundball, 6, EV 88.1 MPH)
|
| Top of the 6th over - 0 runs, 1 hit, 0 errors, 1 left on base; West Virginia 0 - Great Lakes 7 |
| BOTTOM OF THE 6TH |
|
Great Lakes Loons batting - Pitching for West Virginia Power : RHP Travis Luckett
|
|
Batting: RHB Santos Guadalupe
|
0-0: SINGLE (Groundball, 4MD, EV 98.1 MPH)
|
|
Batting: RHB Alex Mejia
|
0-0: Ball 1-0: Ball 2-0: Ball 3-0: Swinging Strike 3-1: Foul Ball, location: 2F 3-2: Foul Ball, location: 2F 3-2: SINGLE (Groundball, 4MD, EV 97.5 MPH) Santos Guadalupe to second
|
|
Batting: LHB Chris Barrera
|
0-0: Ball 1-0: Ball 2-0: Called Strike 2-1: Foul Ball, location: 2F 2-2: Foul Ball, location: 2F 2-2: Ball 3-2: Base on Balls Santos Guadalupe to third Alex Mejia to second
|
|
Batting: RHB Mike Sims
|
0-0: Ball 1-0: Ball 2-0: Ball 3-0: Called Strike 3-1: Grounds into double play, 6-4-3 (Groundball, 6, EV 81.2 MPH) Santos Guadalupe scores Alex Mejia to third
|
|
Batting: LHB Jim Chalk
|
0-0: Called Strike 0-1: Foul Ball, location: 2F 0-2: Foul Ball, location: 2F 0-2: Ball 1-2: Ball 2-2: Foul Ball, location: 2F 2-2: Ground out 6-3 (Groundball, 6, EV 91.2 MPH)
|
| Bottom of the 6th over - 1 run, 2 hits, 0 errors, 1 left on base; West Virginia 0 - Great Lakes 8 |
| TOP OF THE 7TH |
|
West Virginia Power batting - Pitching for Great Lakes Loons : RHP Bobby Primaticcio
|
|
Batting: RHB Dennis Coppolino
|
0-0: Called Strike 0-1: Swinging Strike 0-2: Foul Ball, location: 2F 0-2: Ball 1-2: Foul Ball, location: 2F 1-2: Ball 2-2: Ball 3-2: Strikes out looking
|
|
Batting: RHB Alfredo Medrano
|
0-0: Foul Ball, location: 2F 0-1: Ball 1-1: Ball 2-1: Called Strike 2-2: Strikes out swinging
|
|
Batting: LHB Alan Pumphrey
|
0-0: Fly out, F8 (Line Drive, 8LD, EV 93.8 MPH)
|
| Top of the 7th over - 0 runs, 0 hits, 0 errors, 0 left on base; West Virginia 0 - Great Lakes 8 |
| BOTTOM OF THE 7TH |
|
Great Lakes Loons batting - Pitching for West Virginia Power : RHP Travis Luckett
|
|
Pinch Hitting: RHB Jayden Copeland
|
0-0: Foul Ball, location: 2F 0-1: Foul Ball, location: 2F 0-2: Foul Ball, location: 2F 0-2: Ball 1-2: Ball 2-2: Strikes out swinging
|
|
Batting: RHB Ashton Crenshaw
|
0-0: Ball 1-0: Called Strike 1-1: Ball 2-1: Called Strike 2-2: Ground out 4-3 (Groundball, 4, EV 82.5 MPH)
|
|
Batting: RHB Phil Knox
|
0-0: Foul Ball, location: 2F 0-1: Ball 1-1: SINGLE (Groundball, 56D, EV 98.8 MPH)
|
|
Batting: RHB Josh Kimbrell
|
0-0: Ball 1-0: Called Strike 1-1: Foul Ball, location: 2F 1-2: Ground out 5-3 (Groundball, 56, EV 96.9 MPH)
|
| Bottom of the 7th over - 0 runs, 1 hit, 0 errors, 1 left on base; West Virginia 0 - Great Lakes 8 |
| TOP OF THE 8TH |
|
West Virginia Power batting - Pitching for Great Lakes Loons : RHP Bobby Primaticcio
|
|
Now at 1B: Jayden Copeland
|
|
|
Pinch Hitting: RHB Jose Lozano
|
0-0: Foul Ball, location: 2F 0-1: Ball 1-1: Ball 2-1: Fly out, F8 (Line Drive, 8RD, EV 100.0 MPH)
|
|
Pinch Hitting: LHB Micah Boshnjaku
|
0-0: Swinging Strike 0-1: Foul Ball, location: 2F 0-2: Foul Ball, location: 2F 0-2: Ball 1-2: Ball 2-2: Foul Ball, location: 2F 2-2: Foul Ball, location: 2F 2-2: Ground out 4-3 (Groundball, 4, EV 82.5 MPH)
|
|
Batting: RHB Pleun Smit
|
0-0: Swinging Strike 0-1: Ball 1-1: Ball 2-1: Swinging Strike 2-2: Foul Ball, location: 2F 2-2: Foul Ball, location: 2F 2-2: Strikes out looking
|
| Top of the 8th over - 0 runs, 0 hits, 0 errors, 0 left on base; West Virginia 0 - Great Lakes 8 |
| BOTTOM OF THE 8TH |
|
Great Lakes Loons batting - Pitching for West Virginia Power : RHP Travis Luckett
|
|
Now at 1B: Jose Lozano
|
|
|
Now at SS: Dennis Coppolino
|
|
|
Now in RF: Micah Boshnjaku
|
|
|
Batting: RHB Santos Guadalupe
|
0-0: Foul Ball, location: 2F 0-1: Ball 1-1: Ball 2-1: Foul Ball, location: 2F 2-2: Foul Ball, location: 2F 2-2: Ground out U3 (Groundball, 34, EV 90.6 MPH)
|
|
Batting: RHB Alex Mejia
|
0-0: Fly out, F9 (Flyball, 89S, EV 95.6 MPH)
|
|
Pinch Hitting: RHB Matt Fields
|
0-0: Ball 1-0: Swinging Strike 1-1: Ball 2-1: Ground out U3 (Groundball, 34, EV 90.6 MPH)
|
| Bottom of the 8th over - 0 runs, 0 hits, 0 errors, 0 left on base; West Virginia 0 - Great Lakes 8 |
| TOP OF THE 9TH |
|
West Virginia Power batting - Pitching for Great Lakes Loons : RHP Bobby Primaticcio
|
|
Now in LF: Matt Fields
|
|
|
Batting: SHB Francisco Gutierrez
|
0-0: Ball 1-0: Ball 2-0: Swinging Strike 2-1: Called Strike 2-2: Ball 3-2: Foul Ball, location: 2F 3-2: Base on Balls
|
|
Pitching: RHP George Credle
|
|
|
Batting: RHB Tom Primmer
|
0-0: Ball 1-0: Ball 2-0: Called Strike 2-1: Swinging Strike 2-2: Strikes out swinging
|
|
Batting: RHB Jordan Robinson
|
0-0: Ball 1-0: Ball 2-0: Swinging Strike 2-1: Foul Ball, location: 2F 2-2: Ball 3-2: Strikes out looking
|
|
Batting: RHB Dennis Coppolino
|
0-0: Fly out, F8 (Flyball, 89M, EV 94.4 MPH)
|
| Top of the 9th over - 0 runs, 0 hits, 0 errors, 1 left on base; West Virginia 0 - Great Lakes 8 |
|